 Dungeon Crawl Stone Soup version 0.31-a0-523-g071a6c1ffa (webtiles) character file.

Game seed: 9861897592398196840

3311 horus123 the Arsonist (level 9, -7/62 HPs)
             Began as a Pale Draconian Earth Elementalist on Aug 12, 2023.
             Was a Follower of Vehumet.
             Shot with an arrow by a centaur (13 damage)
             ... on level 8 of the Dungeon.
             The game lasted 00:17:23 (6659 turns).

horus123 the Arsonist (DrEE)                        Turns: 6659, Time: 00:17:23

Health: -7/62      AC: 10    Str: 11    XL:     9   Next: 70%
Magic:  15/16      EV: 12    Int: 19    God:    Vehumet [*.....]
Gold:   281        SH:  0    Dex: 12    Spells: 0/18 levels left

rFire   + . .        e - +9 sword of Power {lifebolt}
rCold   + . .        (shield currently unavailable)
rNeg    . . .        (body armour unavailable)
rPois   .            z - +1 hat
rElec   .            C - scarf {rC+ rF+}
rCorr   .            K - +0 pair of gloves
SInv    +            o - +0 pair of boots
Will    .....        (no amulet)
Stlth   ++           g - ring of see invisible
HPRegen 0.30/turn    G - ring of wizardry
MPRegen 0.15/turn

%: wizardry (x1)
@: no status effects
A: breathe steam, AC +7, unfitting armour, cold-blooded, steam resistance
a: Breathe Steam, Renounce Religion


You were on level 8 of the Dungeon.
You worshipped Vehumet.
Vehumet was aware of your devotion.
You visited 2 branches of the dungeon, and saw 9 of its levels.

You collected 281 gold pieces.

Inventory:

Hand Weapons
 e - the +9 sword of Power (weapon) {lifebolt}
   (You acquired it on level 7 of the Dungeon)
 i - a +1 dagger of speed
 l - a +4 quarterstaff of chaos
 t - a +0 long sword
Armour
 k - a +0 cloak
 o - a +0 pair of boots (worn)
 w - an orb of guile
 z - a +1 hat (worn)
 C - a scarf of resistance (worn)
 E - a scarf of invisibility
 K - a +0 pair of gloves (worn)
Magical Staves
 j - a staff of earth
Jewellery
 g - a ring of see invisible (left hand)
 D - an amulet of the acrobat
 G - a ring of wizardry (right hand)
 J - a ring of positive energy
Wands
 u - a wand of roots (8)
 A - a wand of polymorph (10)
 L - a wand of acid (9)
Scrolls
 d - a scroll of fear
 h - a scroll of identify
 m - a scroll of noise {unknown}
 n - a scroll of enchant armour {unknown}
 r - 2 scrolls of immolation {unknown}
 x - a scroll of summoning {unknown}
 y - 2 scrolls of enchant weapon {unknown}
 B - a scroll of silence {unknown}
 F - a scroll of blinking {unknown}
 I - a scroll of revelation {unknown}
Potions
 a - a potion of magic
 b - 2 potions of might {unknown}
 c - 3 potions of haste {unknown}
 f - 3 potions of curing {unknown}
 p - 2 potions of resistance {unknown}
 q - a potion of attraction {unknown}
 s - a potion of degeneration {unknown}
 v - 4 potions of lignification {unknown}
 H - a potion of heal wounds {unknown}


   Skills:
 - Level 1.7 Dodging
 - Level 1.7 Stealth
 - Level 5.0 Spellcasting
 + Level 6.1 Conjurations
 - Level 1.0 Transmutations
 - Level 10.0 Fire Magic
 - Level 7.0 Earth Magic


You couldn't memorise any spells.
You knew the following spells:

 Your Spells              Type           Power      Damage    Failure   Level
a - Sandblast             Erth           62%        2d14      1%          1
b - Stone Arrow           Conj/Erth      58%        3d10      1%          3
c - Iskenderun's Mystic   Conj/Tloc      16%        2d5       14%         4
d - Starburst             Conj/Fire      17%        6d6       26%         6
e - Flame Wave            Conj/Fire      35%        2d10      1%          4

Your spell library contained the following spells:

 Spells                   Type           Power      Damage    Failure   Level
 Magic Dart               Conj           100%       1d8       1%          1
 Passwall                 Tmut/Erth      16%        N/A       1%          2
 Volatile Blastmotes      Fire/Tloc      46%        2d13      1%          3
 Apportation              Tloc           8%         N/A       4%          1
 Freeze                   Ice            16%        1d4       4%          1
 Necrotise                Necr           16%        1d4       4%          1
 Summon Small Mammal      Summ           16%        N/A       4%          1
 Dazzling Flash           Conj/Hex       32%        N/A       4%          3
 Petrify                  Tmut/Erth      20%        N/A       10%         4
 Fulminant Prism          Conj/Hex       8%         3d7       14%         4
 Portal Projectile        Hex/Tloc       8%         N/A       16%         3
 Tukima's Dance           Hex            4%         N/A       16%         3
 Borgnjor's Vile Clutch   Necr/Erth      9%         N/A       32%         5
 Alistair's Intoxication  Tmut/Pois      4%         N/A       69%         5
 Eringya's Noxious Bog    Tmut/Pois      3%         4d6       99%         6
 Simulacrum               Ice/Necr       2%         N/A       99%         6
 Maxwell's Capacitive Co  Air            2%         ∞         100%        8


Dungeon Overview and Level Annotations

Branches:
Dungeon (8/15)             Temple (1/1) D:5
   Lair: D:8-11

Altars:
Ashenzari
Cheibriados
Dithmenos
Elyvilon
Fedhas
Gozag
Kikubaaqudgha
Makhleb
Nemelex Xobeh
Okawaru
Qazlal
Ru
Sif Muna
Trog
Uskayaw
Vehumet
Wu Jian
Xom
Yredelemnul
Zin

Annotations:
D:7 Jeremiah


Innate Abilities, Weirdness & Mutations

You can breathe blasts of scalding, opaque steam.
Your pale cyan-grey scales are hard. (AC +7)
You cannot fit into any form of body armour.
You are cold-blooded and may be slowed by cold attacks.
You are immune to the effects of steam.


Message History

Press: ? - help, Q - select action, (/) - cycle Shift-Dir - straight line, f/p - orc priest
Aim: an orc priest, wielding a +0 flail (almost dead, 84% to hit)
The blast of sand hits the orc priest!!
You kill the orc priest!
Vehumet accepts your kill.
You feel your power returning.
The centaur shoots an arrow.
The arrow hits you but does no damage.
The centaur shoots an arrow.
The arrow hits you.
The orc priest hits you from afar with a +0 trident.
Your Conjurations skill increases to level 6!
Aiming: Sandblast (safe; 1% risk of failure)
Press: ? - help, Q - select action, (/) - cycle Shift-Dir - straight line, f - orc priest
Aim: an orc priest, wielding a +0 trident and wearing a +0 ring mail (86% to hit)
The blast of sand hits the orc priest!
The orc priest is almost dead.
The centaur shoots an arrow.
The arrow barely misses you.
The centaur shoots an arrow.
The arrow closely misses you. The orc priest barely misses you.
The centaur shoots an arrow.
The arrow hits you. The orc priest closely misses you.
Aiming: Sandblast (safe; 1% risk of failure)
Press: ? - help, Q - select action, (/) - cycle Shift-Dir - straight line, f/p - orc priest
Aim: an orc priest, wielding a +0 trident and wearing a +0 ring mail (almost dead, 86% to hit)
The blast of sand hits the orc priest.
You kill the orc priest!
Vehumet accepts your kill.
Vehumet offers you knowledge of Magic Dart.
You feel your power returning.
The centaur shoots an arrow.
The arrow hits you.
* * * LOW HITPOINT WARNING * * *
The centaur shoots an arrow.
The arrow hits you!
* * * LOW HITPOINT WARNING * * *
Okay, then.
The centaur shoots an arrow.
The arrow hits you but does no damage.
The centaur shoots an arrow.
The arrow hits you.
* * * LOW HITPOINT WARNING * * *
The centaur shoots an arrow.
The arrow hits you but does no damage.
The centaur shoots an arrow.
The arrow hits you.
* * * LOW HITPOINT WARNING * * *
The centaur shoots an arrow.
The arrow hits you!
You die...

.....####.#....##
........#......#
....##.......####
.................##
.....####.........###
...# #######.##.....#
#. ............#...#
. ............##.###
..........@...$.....
#.#.####.##c..#....
#...####.##...## #
#.............>.
#..........c.#....
#.#..........#.....
#...)............
#..).............
#.............


You could see a centaur.

Vanquished Creatures
  A two-headed ogre (D:6)
  Pikel (D:7)
  Sigmund (D:5)
  A wyvern (D:6)
  A black bear (D:5)
  2 ice beasts (D:6)
  3 ogres
  A centaur (D:7)
  A lemure (D:7)
  A gnoll sergeant (D:6)
  2 bullfrogs (D:6)
  3 wights (D:7)
  A gnoll bouda (D:4)
  2 jellies
  8 orc priests
  5 sleepcaps
  5 hounds
  Crazy Yiuf (D:2)
  A scorpion zombie (D:3)
  An iguana (D:5)
  2 orc wizards
  A hound skeleton (D:3)
  9 gnolls
  6 adders
  A shadow imp (D:7)
  A white imp (D:8)
  An ufetubus (D:6)
  An adder zombie (D:3)
  2 adder skeletons (D:3)
  A worm (D:3)
  A dart slug (D:1)
  19 orcs
  4 bats
  6 endoplasms
  4 giant cockroaches
  10 goblins
  6 hobgoblins
  4 jackals (D:4)
  7 kobolds
  8 quokkas
  5 ball pythons
  2 frilled lizards
  8 rats
151 creatures vanquished.

Notes
Turn   | Place    | Note
-------+----------+-------------------------------------------
     0 | D:1      | horus123 the Draconian Earth Elementalist began the quest
                  | for the Orb.
     0 | D:1      | Reached XP level 1. HP: 14/14 MP: 3/3
   279 | D:1      | Found a faded altar of an unknown god.
   283 | D:1      | Reached XP level 2. HP: 20/20 MP: 3/5
  1222 | D:1      | Reached XP level 3. HP: 26/26 MP: 5/7
  1226 | D:1      | Learned a level 3 spell: Stone Arrow
  1507 | D:2      | Found a runed translucent door.
  1508 | D:2      | Noticed Crazy Yiuf
  1936 | D:2      | Killed Crazy Yiuf
  1937 | D:2      | Reached XP level 4. HP: 33/33 MP: 7/10
  2347 | D:3      | Reached XP level 5. HP: 38/38 MP: 8/12
  2410 | D:3      | Reached skill level 5 in Spellcasting
  2536 | D:3      | Learned a level 4 spell: Iskenderun's Mystic Blast
  2690 | D:3      | Reached skill level 1 in Conjurations
  2898 | D:4      | Noticed an ogre
  2902 | D:4      | Killed an ogre
  2903 | D:4      | Reached XP level 6. HP: 45/45 MP: 10/13
  3180 | D:4      | Found a shimmering altar of Xom.
  3893 | D:5      | Entered Level 5 of the Dungeon
  3893 | D:5      | Found a staircase to the Ecumenical Temple.
  3922 | Temple   | Entered the Ecumenical Temple
  3939 | Temple   | Became a worshipper of Vehumet
  3988 | D:5      | Found an opulent altar of Gozag.
  4080 | D:5      | Reached skill level 5 in Conjurations
  4080 | D:5      | Your scales start taking on a pale cyan-grey colour.
  4080 | D:5      | Reached XP level 7. HP: 50/50 MP: 11/14
  4080 | D:5      | Gained mutation: You are immune to the effects of steam.
                  | [Pale Draconian growth]
  4083 | D:5      | Reached skill level 2 in Fire Magic
  4090 | D:5      | Learned a level 6 spell: Starburst
  4158 | D:5      | Noticed Sigmund
  4161 | D:5      | Killed Sigmund
  4326 | D:5      | Found a shadowy altar of Dithmenos.
  4331 | D:5      | Reached skill level 5 in Earth Magic
  4406 | D:5      | Found a white marble altar of Elyvilon.
  4464 | D:5      | Identified the +1 leather armour of Ignis's Regard {Rampage
                  | +Blink rElec rN+}
  4596 | D:6      | Reached XP level 8. HP: 57/57 MP: 9/15
  4765 | D:6      | Found a snail-covered altar of Cheibriados.
  4808 | D:6      | Reached skill level 3 in Fire Magic
  4836 | D:6      | Reached skill level 4 in Fire Magic
  4836 | D:6      | Reached * piety under Vehumet
  4836 | D:6      | Offered knowledge of Shock by Vehumet.
  4995 | D:6      | Reached skill level 5 in Fire Magic
  5074 | D:6      | Noticed a two-headed ogre
  5083 | D:6      | Killed a two-headed ogre
  5084 | D:6      | Reached skill level 7 in Fire Magic
  5084 | D:6      | Reached XP level 9. HP: 61/62 MP: 3/16
  5291 | D:6      | Found a hide-covered altar of Uskayaw.
  5312 | D:6      | Reached skill level 8 in Fire Magic
  5473 | D:7      | Found a basalt altar of Yredelemnul.
  5539 | D:7      | Identified a scroll of acquirement
  5568 | D:7      | Acquired the +9 sword of Power {lifebolt}
  5568 | D:7      | Found the +9 sword of Power {lifebolt}
  5589 | D:7      | Found a faded altar of an unknown god.
  5589 | D:7      | Found an iron altar of Okawaru.
  5597 | D:7      | Found an ancient bone altar of Kikubaaqudgha.
  5599 | D:7      | Found a glowing silver altar of Zin.
  5601 | D:7      | Found a faded altar of an unknown god.
  5643 | D:7      | Noticed Jeremiah
  6028 | D:7      | Found a sacrificial altar of Ru.
  6205 | D:7      | Noticed Pikel
  6216 | D:7      | Killed Pikel
  6217 | D:7      | Reached skill level 9 in Fire Magic
  6297 | D:7      | Reached skill level 10 in Fire Magic
  6633 | D:8      | Got the Incunabulum of Cinders and Hoarfrost
  6639 | D:8      | Learned a level 4 spell: Flame Wave
  6647 | D:8      | Offered knowledge of Magic Dart by Vehumet.
  6659 | D:8      | Shot with an arrow by a centaur

Illustrated notes

Levels and vault maps discovered:
D:1:      scummos_arrival_gate, layout_basic, chequers_ecumenical_altar_simple
D:2:      layout_basic, uniq_crazy_yiuf_cottage
D:3:      layout_rooms, serial_undead, serial_undead_d, serial_undead_d,
          serial_undead_b, serial_undead_a, guppyfry_early_orc_mine
D:4:      layout_loops_ring, lemuel_doored_altar
D:5:      layout_loops_cross, kennysheep_mini, mainiacjoe_overflow_alcove_1,
          mainiacjoe_overflow_surrounded_room, minmay_temple_entry_overgrown,
          uniq_sigmund
D:6:      layout_cave_pools, nicolae_uskayaw_murder_on_the_dancefloor,
          kennysheep_little_box
D:7:      layout_basic, mainiacjoe_overflow_concentric_impassable,
          lemuel_coloured_pillars_altar, chequers_temple_overflow_minitemple,
          uniq_pikel, uniq_jeremiah
D:8:      layout_rooms, minmay_misc_feat_enclosed, uniq_joseph
Temple:   nicolae_temple_ecumenical_triangle

Skill      XL: |  1  2  3  4  5  6  7  8  9 |
---------------+----------------------------+-----
Spellcasting   | 3 4 5 |  5.0
Conjurations   | 3 5 6 |  6.1
Fire Magic     | 2 7 10 | 10.0
Earth Magic    | 5 7 |  7.0
Dodging        | |  1.7
Stealth        | |  1.7
Transmutations | |  1.0

Action                     |  1- 3 |  4- 6 |  7- 9 || total
---------------------------+-------+-------+-------++-------
  Melee: Dagger            |     1 |       |       ||     1
         Staff             |       |     2 |       ||     2
         Great sword       |       |       |    15 ||    15
   Cast: Sandblast         |    49 |    91 |   121 ||   261
         Stone Arrow       |       |       |     5 ||     5
Ability: Breathe Steam     |       |       |     2 ||     2
    Use: Scroll            |       |       |     3 ||     3
 Armour: Skin              |     1 |    20 |    43 ||    64
  Dodge: Dodged            |     6 |    24 |    51 ||    81

Table legend: (Time is in decaauts)
 A = Elapsed time spent in this place.
 B = Non-inter-level travel time spent in this place.
 C = Inter-level travel time spent in this place.
 D = Time resting spent in this place.
 E = Time spent auto-exploring this place.
 F = Levels seen in this place.
 G = Mean time per level.
                   A        B        C        D        E       F      G
               +--------+--------+--------+--------+--------+-----+--------+
         Total |   6802 |   6703 |     99 |    554 |   4845 |   9 |  755.8 |
       Dungeon |   6775 |   6676 |     99 |    554 |   4845 |   8 |  846.9 |
        Temple |     26 |     26 |      0 |      0 |      0 |   1 |   26.0 |
               +--------+--------+--------+--------+--------+-----+--------+

Top non-repeatable levels by time:
     D:1: 1305 daAuts
     D:6: 1094 daAuts
     D:3: 1012 daAuts
     D:4: 940 daAuts
     D:7: 924 daAuts
     D:2: 704 daAuts
     D:5: 676 daAuts
     D:8: 116 daAuts
  Temple: 26 daAuts
